 Dungeon Crawl Stone Soup version 0.24-a0-251-g44e327ef01 (webtiles) character file.

Game seed: 13040149143403558448

39 Redear the Shield-Bearer (level 3, -5/30 HPs)
             Began as a Formicid Fighter on Apr 17, 2019.
             Slain by an orc warrior
             ... wielding a +0 war axe
              (7 damage)
             ... on level 2 of the Dungeon.
             The game lasted 00:02:08 (1149 turns).

Redear the Shield-Bearer (Formicid Fighter)         Turns: 1149, Time: 00:02:09

Health: -5/30      AC:  7    Str: 20    XL:     3   Next: 70%
Magic:  3/3        EV:  8    Int:  7    God:
Gold:   29         SH:  9    Dex: 11    Spells: 2/2 levels left

rFire    . . .     SeeInvis +   a - +0 war axe
rCold    . . .     Gourm    .   c - +0 shield
rNeg     . . .     Faith    .   b - +0 scale mail
rPois    .         Spirit   .   (helmet unavailable)
rElec    .         Reflect  .   (no cloak)
rCorr    .         Harm     .   (no gloves)
MR       .....                  (no boots)
Stlth    ..........             (no amulet)
HPRegen  0.10/turn              (no ring)
MPRegen  0.08/turn              (no ring)

@: no status effects
A: permanent stasis, dig shafts and tunnels, four strong arms, antennae 3
a: Dig, Shaft Self


You were on level 2 of the Dungeon.
You were very hungry.

You visited 1 branch of the dungeon, and saw 2 of its levels.

You collected 29 gold pieces.

Inventory:

Hand Weapons
 a - a +0 war axe (weapon)
Armour
 b - a +0 scale mail (worn)
 c - a +0 shield (worn)
Jewellery
 e - an uncursed ring of ice {unknown}
 h - an uncursed ring of protection from cold {unknown}
 k - an uncursed ring of protection from fire {unknown}
Scrolls
 f - a scroll of remove curse {unknown}
 g - a scroll of fog {unknown}
 j - a scroll of fear {unknown}
 l - a scroll of identify {unknown}
 m - a scroll of enchant armour {unknown}
Potions
 d - 2 potions of might {Str+5 DMG+1d10 | @q3}
 i - a potion of curing {unknown}
 n - a potion of lignification {unknown}
Comestibles
 z - 3 rations


   Skills:
 + Level 3.7 Fighting
 + Level 2.5 Axes
 + Level 3.7 Armour
 + Level 4.1 Shields


You had 2 spell levels left.
You didn't know any spells.
Your spell library was empty.

Dungeon Overview and Level Annotations

Branches:
Dungeon (2/15)

Altars:


Innate Abilities, Weirdness & Mutations

You cannot be hasted, slowed, berserked, paralysed or teleported.
You can dig through walls and to a lower floor.
Your four strong arms can wield two-handed weapons with a shield.
You have a pair of large antennae on your head. (SInv)


Message History

The orc priest hits you with a +0 club.
You take 4 damage, and have 26/30 hp.
The orc priest looks braver for a moment.
The orc priest invokes the aid of Beogh against you.
Beogh smites you!
You take 14 damage, and have 12/30 hp.
MASSIVE DAMAGE!!
You enter a teleport trap!
The teleport trap disappears.
You see here a ration.
The orc priest calls upon Beogh to heal the orc warrior.
The orc warrior's wounds heal themselves!
The orc priest invokes the aid of Beogh against you.
Beogh smites you!
* * * LOW HITPOINT WARNING * * *
You take 13 damage, and have 1/30 hp.
MASSIVE DAMAGE!!
Found a scroll labeled JAENKY HUFUWN.
Are you sure you want to shaft yourself?
You are feeling very hungry.
The orc warrior hits you with a +0 war axe!
You die...

oo.......#............#
.# .....#......o..#..#
.. ..........o.....#
.....#.....###..#
.....#####.# .# ..?..
#.# ##.# #.# #o# #@#
#.# ..# ...# ....#
.....# ......# ......##


You could see an orc warrior, an orc priest and an orc wizard (invisible).

Vanquished Creatures
  An adder (D:2)
  A leopard gecko (D:1)
  2 orcs (D:2)
  A bat (D:1)
  2 giant cockroaches (D:1)
  5 goblins
  7 hobgoblins
  A kobold (D:2)
  4 rats
24 creatures vanquished.

Notes
Turn   | Place    | Note
-------+----------+-------------------------------------------
     0 | D:1      | Redear the Formicid Fighter began the quest for the Orb.
     0 | D:1      | Reached XP level 1. HP: 18/18 MP: 1/1
    73 | D:1      | Reached XP level 2. HP: 16/24 MP: 2/2
   419 | D:1      | Reached skill level 4 in Shields
   431 | D:1      | Reached XP level 3. HP: 28/29 MP: 3/3
   924 | D:2      | Noticed an orc warrior
  1137 | D:2      | HP: 1/30 [orc priest/divine providence (13)]
  1149 | D:2      | Slain by an orc warrior

Levels and vault maps discovered:
D:1:      dpeg_arrival_rooms_a, layout_basic
D:2:      layout_rooms, first_ration, chequers_ecumenical_altar_grove,
          kennysheep_crisscross, uniq_crazy_yiuf_cottage

Skill      XL: |  1  2 |
---------------+-------+-----
Shields        | 4 |  4.1
Fighting       | |  3.7
Axes           | |  2.5
Armour         | |  3.7

Action                   || total
-------------------------++-------
Melee: War axe           ||    66
 Abil: Shaft Self        ||     1
Armor: Scale mail        ||    30
Dodge: Dodged            ||    18
Block: Shield            ||    24

Table legend:
 A = Non-vault XP
 B = Vault XP
 C = Vault XP percentage of total XP
 D = Non-vault monster count
 E = Vault monster count
 F = Vault count percentage of total count
                 A         B        C        D         E       F
            +---------+---------+-------+---------+---------+-------
      Total |      57 |       0 |   0.0 |      24 |       0 |   0.0
            +---------+---------+-------+---------+---------+-------
        D:1 |      32 |       0 |   0.0 |      17 |       0 |   0.0
        D:2 |      25 |       0 |   0.0 |       7 |       0 |   0.0
            +---------+---------+-------+---------+---------+-------
